 Dungeon Crawl Stone Soup version 0.29-a0-341-g24ffce5b50 (webtiles) character file.

Game seed: 9636675001368845882

5736 spaghetti the Fighter (level 10, -16/157 HPs)
             Began as a Deep Dwarf Hunter on Apr 20, 2022.
             Was a High Priest of Cheibriados.
             Demolished by a skeletal warrior
             ... wielding a +0 war axe
             ... led by a skeletal warrior
              (18 damage)
             ... on level 8 of the Dungeon.
             The game lasted 00:22:28 (5618 turns).

spaghetti the Fighter (Deep Dwarf Hunter)           Turns: 5618, Time: 00:22:29

Health: -16/157    AC: 29    Str: 26    XL:     10   Next: 48%
Magic:  10/10      EV:  2    Int: 21    God:    Cheibriados [*****.]
Gold:   457        SH:  0    Dex: 37    Spells: 9/9 levels left

rFire   . . .      SeeInvis .   b - +1 falchion (vorpal) {long}
rCold   . . .      Faith    .   (no shield)
rNeg    . . .      Spirit   .   (body armour currently unavailable)
rPois   +          Reflect  .   (helmet currently unavailable)
rElec   .          Harm     .   (cloak currently unavailable)
rCorr   .          Rampage  .   (gloves currently unavailable)
Will    +....      NoTele   +   (boots currently unavailable)
Stlth   +++.......              (no amulet)
HPRegen 0.00/turn               t - +4 ring of protection
MPRegen 0.12/turn               r - +6 ring of dexterity

@: mighty, tree-form (expiring), very slow
A: stationary, stasis, torment immunity, boosted hp, damage resistance, heal
wounds, sense surroundings 2, no regeneration
a: Heal Wounds, Renounce Religion, Bend Time, Temporal Distortion, Slouch, Step
From Time


You were on level 8 of the Dungeon.
You worshipped Cheibriados.
Cheibriados was extremely pleased with you.
You were a tree.
You visited 1 branch of the dungeon, and saw 8 of its levels.

You collected 457 gold pieces.


Innate Abilities, Weirdness & Mutations

You are a tree.
Your roots penetrate the ground, keeping you stationary.
You cannot be teleported.
You are immune to unholy pain and torment.
Your maximum health is greatly increased.
Your equipment is partially melded.
You are resistant to damage.
You can heal yourself by infusing magical energy.
You passively map the area around you.
You do not regenerate.


   Skills:
 - Level 11.3 Fighting
 + Level 8.4 Crossbows
 + Level 7.5 Armour
 * Level 10.3 Dodging
 - Level 1.2 Stealth


You had 9 spell levels left.
You didn't know any spells.
Your spell library contained the following spells:

 Spells                   Type           Power      Damage    Failure   Level
 Sting                    Tmut/Pois      0%         1d3       19%         1
 Corpse Rot               Necr/Air       0%         N/A       26%         2
 Poisonous Vapours        Pois/Air       0%         N/A       26%         2
 Portal Projectile        Hex/Tloc       0%         N/A       47%         3
 Stone Arrow              Conj/Erth      0%         3d7       47%         3
 Animate Armour           Summ/Erth      0%         N/A       87%         4
 Olgreb's Toxic Radiance  Pois           0%         N/A       87%         4
 Blade Hands              Tmut           0%         N/A       99%         5
 Excruciating Wounds      Necr           0%         N/A       99%         5
 Irradiate                Conj/Tmut      0%         3d13      99%         5
 Dragon Form              Tmut           0%         N/A       100%        7
 Lehudib's Crystal Spear  Conj/Erth      0%         10d2      100%        8

Inventory:

Hand Weapons
 a - a +1 vorpal hand crossbow {crossbow}
 b - a +1 vorpal falchion (weapon) {long}
   (You found it on level 7 of the Dungeon)
 y - a +0 rapier {short}
   (You took it off a hobgoblin on level 4 of the Dungeon)
 z - a +0 trident of freezing {polearm}
   (You took it off a gnoll sergeant on level 6 of the Dungeon)
 G - a +0 vorpal spear {polearm}
   (You found it on level 2 of the Dungeon)
 J - a +2 hand axe of electrocution {axe}
   (You found it on level 6 of the Dungeon)
 K - a +0 great mace {mace}
   (You found it on level 6 of the Dungeon)
Missiles
 j - 193 stones (quivered) {throwing}
 B - a curare-tipped dart {=fthrowing}
 F - a throwing net {=f!fthrowing}
 H - 2 boomerangs {throwing}
 L - 5 poisoned darts {throwing}
Armour
 k - the +1 leather armour "Vefe" (melded) {Str+5 Dex+3}
   (You found it on level 2 of the Dungeon)

   Str:       It affects your strength (+5).
   Dex:       It affects your dexterity (+3).
 C - a +2 hat of intelligence (melded)
   (You found it on level 5 of the Dungeon)
 M - a +0 cloak of preservation (melded)
   (You found it on level 8 of the Dungeon)
Magical Staves
 q - a staff of poison {!astaff}
   (You found it on level 3 of the Dungeon)
 v - a staff of poison {!astaff}
   (You found it on level 4 of the Dungeon)
Jewellery
 l - a ring of magical power
   (You found it on level 3 of the Dungeon)
 r - a +6 ring of dexterity (right branch)
   (You found it on level 3 of the Dungeon)
 t - a +4 ring of protection (left branch)
   (You took it off an orc on level 6 of the Dungeon)
 E - a ring of ice
   (You found it on level 7 of the Dungeon)
Wands
 f - a wand of iceblast (5)
   (You found it on level 8 of the Dungeon)
 i - a wand of polymorph (15)
   (You found it on level 8 of the Dungeon)
 o - a wand of charming (10)
   (You found it on level 3 of the Dungeon)
Scrolls
 c - a scroll of immolation {!r!r}
 e - a scroll of torment {!r}
 p - 2 scrolls of fog
 w - 2 scrolls of amnesia
 x - a scroll of vulnerability {!r!r}
 A - 2 scrolls of fear
Potions
 d - 2 potions of cancellation
 m - a potion of resistance
 s - a potion of lignification {!q}
 u - a potion of haste {forbidden@q3}
 I - a potion of magic

Dungeon Overview and Level Annotations

Branches:
Dungeon (8/15)             Temple (0/1) D:4
   Lair: D:8-11

Altars:
Cheibriados
Fedhas
Hepliaklqana
Kikubaaqudgha
Nemelex Xobeh
Trog
Xom

Shops:
D:3 !!!   D:4 (

Annotations:
D:2 1 exclusion
D:6 exclusion: 4 doors

.......# ###
......### ##.##
........# ##...###
....#.### ##......#
....### #.......#
......## ##......#
.#.....## ##......##
..#.....###.....)..#
.####.##.......)♣###
......#.......)z##
..............)##
................#
................#
.................#
.................#
....##..........# ,
........###


You could see a skeletal warrior.


Message History

The iceblast engulfs you!
* * * LOW HITPOINT WARNING * * *
You hear a shout!
Your Dodging skill increases to level 10! 😨 HP[-10]
You take 10 damage, and now have 34/105 hp.
You feel much better.
The skeletal warrior completely misses you.
The skeletal warrior barely misses you. 😮 HP[+21]
You regained 21 hp, and now have 55/105 hp.
Unknown command.
You slash the skeletal warrior!
The skeletal warrior hits you with a +0 war axe.
The skeletal warrior misses you.
The skeletal warrior hits you with a +0 mace!
* * * LOW HITPOINT WARNING * * *
The skeletal warrior hits you with a +0 war axe.
* * * LOW HITPOINT WARNING * * *
😨 HP[-21]
You take 21 damage, and now have 34/105 hp.
Okay, then.
Okay, then.
Aiming: Charm
Press: ? - help, Shift-Dir - straight line, f/p - skeletal warrior
Aim: a skeletal warrior, wielding a +0 mace (moderately damaged, chance to affect: 1%)
Okay, then.
Okay, then.
Okay, then.
Okay, then.
Really quaff
s - 2 potions of lignification {!q}?
Really quaff the potion of lignification?
You turn into a tree.
Your +0 cloak of preservation melds into your body.
Your +2 hat of intelligence melds into your body.
The +1 leather armour "Vefe" {Str+5 Dex+3} melds into your body.
You feel stupid.
Your roots penetrate the ground.
The skeletal warrior hits you with a +0 war axe!
* * * LOW HITPOINT WARNING * * *
The skeletal warrior hits you with a +0 mace.
* * * LOW HITPOINT WARNING * * *
😱 HP[+1]
You now have 157 max hp (+52).
Unknown command.
Unknown command.
You feel much better.
The skeletal warrior hits you with a +0 war axe.
The skeletal warrior completely misses you. 😨 HP[+20]
You regained 20 hp, and now have 55/157 hp.
Unknown command.
You closely miss the skeletal warrior.
The skeletal warrior hits you with a +0 war axe.
The skeletal warrior hits you with a +0 mace.
You hit the skeletal warrior but do no damage.
The skeletal warrior completely misses you.
The skeletal warrior hits you with a +0 mace!
* * * LOW HITPOINT WARNING * * *
😨 HP[-15]
You take 15 damage, and now have 40/157 hp.
You closely miss the skeletal warrior.
The skeletal warrior hits you but does no damage. x2
You slash the skeletal warrior!
The skeletal warrior hits you but does no damage.
The skeletal warrior hits you with a +0 mace.
The skeletal warrior hits you with a +0 war axe.
* * * LOW HITPOINT WARNING * * *
The skeletal warrior hits you but does no damage. 😱 HP[-2]
You take 2 damage, and now have 38/157 hp.
You slash the skeletal warrior!
The skeletal warrior hits you but does no damage. x2
You barely miss the skeletal warrior.
The skeletal warrior hits you but does no damage.
The skeletal warrior hits you with a +0 mace!
* * * LOW HITPOINT WARNING * * *
😱 HP[-9]
You take 9 damage, and now have 29/157 hp.
You slice the skeletal warrior!!
You destroy the skeletal warrior!
Cheibriados appreciates the change of pace.
Your transformation is almost over.
The skeletal warrior hits you with a +0 war axe.
* * * LOW HITPOINT WARNING * * *
The skeletal warrior hits you with a +0 war axe. 😱 HP[-3]
You take 3 damage, and now have 26/157 hp.
You slice the skeletal warrior!!
The skeletal warrior hits you but does no damage.
You closely miss the skeletal warrior.
The skeletal warrior hits you with a +0 war axe!
* * * LOW HITPOINT WARNING * * *
😱 HP[-7]
You take 7 damage, and now have 19/157 hp.
You slash the skeletal warrior!
The skeletal warrior hits you with a +0 war axe!!
* * * LOW HITPOINT WARNING * * *
The skeletal warrior hits you with a +0 war axe!!
You die...

Skill      XL: |  1  2  3  4  5  6  7  8  9 10 |
---------------+-------------------------------+-----
Dodging        | 3 4 5 6 7 9 10 | 10.3
Crossbows      | 5 6 7 8 |  8.4
Armour         | 2 3 5 6 7 |  7.5
Fighting       | 8 11 | 11.3
Stealth        | |  1.2

Action                   |  1- 3 |  4- 6 |  7- 9 | 10-12 || total
-------------------------+-------+-------+-------+-------++-------
Melee: Spear             |    11 |    42 |    12 |       ||    65
       Hand axe          |       |       |    90 |    13 ||   103
       Hand crossbow     |       |       |     4 |       ||     4
       Punch             |       |       |     1 |     1 ||     2
       Falchion          |       |       |       |    38 ||    38
 Fire: Hand crossbow     |    60 |   126 |   241 |    25 ||   452
Throw: Stone             |       |       |     1 |       ||     1
       Throwing net      |       |       |     1 |       ||     1
 Abil: Heal Wounds       |       |     1 |     2 |     8 ||    11
Evoke: Wand              |       |       |       |     3 ||     3
  Use: Potion            |       |     6 |     7 |     3 ||    16
       Scroll            |       |     2 |    11 |     2 ||    15
Armor: Leather armour    |     5 |    54 |    18 |    18 ||    95
       Scale mail        |       |       |    46 |       ||    46
       Skin              |       |       |       |     8 ||     8
Dodge: Dodged            |    13 |   140 |   234 |    98 ||   485

Levels and vault maps discovered:
D:1:      minmay_arrival_four_houses, layout_rooms
D:2:      layout_basic, kennysheep_generic_room_9
D:3:      layout_loops_ring, mainiacjoe_overflow_divided_tiny, led_xom_imps,
          slow_altar_1, gammafunk_ghost_stat_death, serial_shops, shop,
          shop_fountains, shop
D:4:      layout_rooms, overflow_temple_1_default,
          minmay_temple_entry_drinking_statues, serial_shops,
          nicolae_shop_crystal
D:5:      layout_loops_ring
D:6:      lemuel_castle_with_subvaults [lemuel_castle_interior_carwin_3],
          layout_basic, mainiacjoe_overflow_tiny_flanked,
          cheibrodos_sewer_entry_drain, grunt_decor_clamped,
          hangedman_glass_garden, uniq_crazy_yiuf_cottage
D:7:      layout_rooms, mainiacjoe_overflow_catwalk
D:8:      layout_cave_pools, pdpol_wu_jian_five_deadly_venoms,
          hangedman_decor_push, blue_anna_alchemist, uniq_joseph, uniq_maurice

Notes
Turn   | Place    | Note
-------+----------+-------------------------------------------
     0 | D:1      | spaghetti the Deep Dwarf Hunter began the quest for the
                  | Orb.
     0 | D:1      | Reached XP level 1. HP: 19/19 MP: 1/1
     0 | D:1      | magus.rc [v1.9.6]
    20 | D:1      | Reached XP level 2. HP: 26/26 MP: 2/2
    68 | D:1      | Reached skill level 3 in Dodging
   329 | D:1      | Reached XP level 3. HP: 32/32 MP: 3/3
   595 | D:2      | Reached skill level 4 in Dodging
   602 | D:2      | Reached skill level 5 in Crossbows
   609 | D:2      | Reached XP level 4. HP: 35/39 MP: 4/4
   614 | D:2      | HP: 5/39 [gnoll/+0 halberd (7)]
  1049 | D:2      | Identified the +1 leather armour "Vefe" {Str+5 Dex+3}
  1363 | D:3      | Found Ihuzif's Distillery.
  1381 | D:3      | Found a snail-covered altar of Cheibriados.
  1535 | D:3      | Became a worshipper of Cheibriados the Contemplative
  1664 | D:3      | Found a transporter.
  1666 | D:3      | Noticed sammy202020's ghost (amateur DsBe)
  1679 | D:3      | Found a transporter.
  1721 | D:3      | Reached XP level 5. HP: 45/45 MP: 5/5
  1721 | D:3      | Found Dalened's Distillery.
  1734 | D:3      | Found a sparkling altar of Nemelex Xobeh.
  1916 | D:3      | Reached skill level 1 in Armour
  1916 | D:3      | Reached skill level 5 in Dodging
  1926 | D:3      | Found Jeom's Distillery.
  2004 | D:3      | Found a blossoming altar of Fedhas.
  2108 | D:3      | Found a shimmering altar of Xom.
  2141 | D:3      | Reached skill level 2 in Armour
  2176 | D:3      | Reached XP level 6. HP: 40/52 MP: 6/6
  2280 | D:3      | Reached * piety under Cheibriados
  2285 | D:3      | Reached skill level 3 in Armour
  2291 | D:3      | Killed sammy202020's ghost
  2292 | D:3      | Reached skill level 6 in Dodging
  2404 | D:4      | You pick up a book of Transfigurations {@e2} and begin
                  | reading...
  2404 | D:4      | You add the spells Irradiate, Blade Hands and Dragon Form
                  | to your library.
  2502 | D:4      | Found a hazy altar of Hepliaklqana.
  2574 | D:4      | You add the spells Sting, Poisonous Vapours and Olgreb's
                  | Toxic Radiance to your library.
  2664 | D:4      | Reached skill level 6 in Crossbows
  2739 | D:4      | Found Loaq's Weapon Boutique.
  2754 | D:4      | Found a staircase to the Ecumenical Temple.
  2760 | D:4      | Reached XP level 7. HP: 58/58 MP: 7/7
  2893 | D:5      | Entered Level 5 of the Dungeon
  2940 | D:5      | Reached skill level 4 in Armour
  3314 | D:5      | You pick up a book of Armaments and begin reading...
  3314 | D:5      | You add the spells Stone Arrow, Animate Armour and
                  | Lehudib's Crystal Spear to your library.
  3528 | D:5      | Reached ** piety under Cheibriados
  3529 | D:5      | Reached skill level 5 in Armour
  3529 | D:5      | Reached skill level 7 in Dodging
  3534 | D:5      | Reached XP level 8. HP: 61/66 MP: 8/8
  3668 | D:6      | Found a glowing drain.
  3674 | D:6      | Found an ancient bone altar of Kikubaaqudgha.
  3715 | D:6      | Reached skill level 3 in Fighting
  3837 | D:6      | You pick up a book of Vapours and begin reading...
  3922 | D:6      | Reached skill level 5 in Fighting
  3935 | D:6      | Reached skill level 6 in Fighting
  3978 | D:6      | Reached skill level 7 in Fighting
  4015 | D:6      | Reached *** piety under Cheibriados
  4016 | D:6      | Reached skill level 8 in Fighting
  4307 | D:6      | Gained mutation: You passively map the area around you.
                  | [Deep Dwarf growth]
  4307 | D:6      | Reached XP level 9. HP: 52/90 MP: 9/9
  4312 | D:6      | Reached skill level 9 in Fighting
  4414 | D:6      | Reached skill level 10 in Fighting
  4437 | D:6      | HP: 17/94 [orc warrior/+0 long sword (10)]
  4480 | D:6      | Reached skill level 11 in Fighting
  4590 | D:6      | HP: 22/97 [asphyx]
  4658 | D:6      | HP: 13/97 [orc priest/divine providence (9)]
  4683 | D:6      | Reached **** piety under Cheibriados
  4693 | D:6      | Reached skill level 7 in Crossbows
  4702 | D:6      | Reached skill level 6 in Armour
  4702 | D:6      | Reached skill level 8 in Dodging
  4791 | D:6      | HP: 20/97 [orc priest/divine providence (7)]
  4835 | D:7      | HP: 21/97 [yak (8)]
  4917 | D:7      | Reached skill level 9 in Dodging
  4917 | D:7      | Reached XP level 10. HP: 49/105 MP: 10/10
  4962 | D:7      | Reached ***** piety under Cheibriados
  5031 | D:7      | Found a bloodstained altar of Trog.
  5337 | D:8      | Noticed Maurice
  5474 | D:8      | HP: 25/105 [killer bee (6)]
  5542 | D:8      | You pick up a book of Weapons and begin reading...
  5542 | D:8      | You add the spells Portal Projectile and Excruciating
                  | Wounds to your library.
  5549 | D:8      | Noticed a skeletal warrior
  5558 | D:8      | HP: 14/105 [skeletal warrior/+0 dire flail[a skeletal
                  | warrior] (17)]
  5563 | D:8      | HP: 25/105 [skeletal warrior/+0 dire flail[a skeletal
                  | warrior] (17)]
  5565 | D:8      | HP: 1/105 [skeletal warrior/+0 dire flail[a skeletal
                  | warrior] (24)]
  5581 | D:8      | Killed a skeletal warrior
  5582 | D:8      | Reached skill level 8 in Crossbows
  5582 | D:8      | Reached skill level 7 in Armour
  5592 | D:8      | Noticed a skeletal warrior
  5599 | D:8      | Noticed a skeletal warrior
  5604 | D:8      | Your ally Maurice died
  5605 | D:8      | Reached skill level 10 in Dodging
  5607 | D:8      | HP: 39/157 [skeletal warrior/+0 war axe[a skeletal warrior]
                  | (13)]
  5612 | D:8      | HP: 38/157 [skeletal warrior/+0 war axe[a skeletal warrior]
                  | (2)]
  5615 | D:8      | Killed a skeletal warrior
  5617 | D:8      | HP: 19/157 [skeletal warrior/+0 war axe[a skeletal warrior]
                  | (7)]
  5618 | D:8      | HP: 2/157 [skeletal warrior/+0 war axe[a skeletal warrior]
                  | (17)]
  5618 | D:8      | Demolished by a skeletal warrior

Vanquished Creatures
  A skeletal warrior (D:8)
  A steam dragon (D:7)
  3 yaks (D:7)
  A water moccasin (D:6)
  2 sky beasts
  3 black bears
  The ghost of sammy202020 the Skirmisher, an amateur DsBe of Trog (D:3)
  4 ogres
  3 centaurs
  A kobold brigand (D:6)
  4 bullfrogs
  4 gnoll sergeants (D:6)
  2 scorpions
  10 killer bees
  5 howler monkeys (D:6)
  3 crimson imps (D:3)
  2 quasits (D:3)
  5 orc priests (D:6)
  2 gnoll shamans
  10 hounds
  A jelly (D:8)
  An iguana (D:5)
  6 orc wizards (D:6)
  13 gnolls
  7 adders
  A shadow imp (D:7)
  A white imp (D:5)
  2 worms
  A dart slug (D:1)
  18 orcs
  7 bats
  8 endoplasms
  A giant cockroach (D:1)
  5 goblins
  9 hobgoblins
  9 jackals
  2 quokkas
  4 ball pythons
  4 frilled lizards
  2 kobolds
  5 rats
174 creatures vanquished.

Vanquished Creatures (collateral kills)
  A skeletal warrior (D:8)
  Maurice (D:8)
  An orc warrior (D:6)
  An ogre (D:6)
  2 orc wizards (D:6)
  A gnoll (D:6)
  A kobold (D:8)
8 creatures vanquished.

Vanquished Creatures (others)
  A plant (D:6)
1 creature vanquished.

Grand Total: 183 creatures vanquished

Table legend:
 A = Non-vault XP
 B = Vault XP
 C = Vault XP percentage of total XP
 D = Non-vault monster count
 E = Vault monster count
 F = Vault count percentage of total count
                 A         B        C        D         E       F
            +---------+---------+-------+---------+---------+-------
      Total |    5394 |    2801 |  34.2 |     127 |      55 |  30.2
            +---------+---------+-------+---------+---------+-------
        D:1 |      42 |       0 |   0.0 |      17 |       0 |   0.0
        D:2 |     120 |       2 |   1.6 |      21 |       1 |   4.5
        D:3 |     138 |     358 |  72.2 |      18 |       7 |  28.0
        D:4 |     170 |       0 |   0.0 |      14 |       0 |   0.0
        D:5 |     629 |       0 |   0.0 |       8 |       0 |   0.0
        D:6 |    1020 |    2110 |  67.4 |      18 |      46 |  71.9
        D:7 |    1414 |       0 |   0.0 |      22 |       0 |   0.0
        D:8 |    1861 |     331 |  15.1 |       9 |       1 |  10.0
            +---------+---------+-------+---------+---------+-------

Illustrated notes

Table legend:
 A = Kills in this place as a percentage of kills in entire the game.
 B = Kills by you in this place as a percentage of kills by you in the entire game.
 C = Kills by friends in this place as a percentage of kills by friends in the entire game.
 D = Other kills in this place as a percentage of other kills in the entire game.
 E = Experience gained in this place as a percentage of experience gained in the entire game.
 F = Experience gained in this place divided by the number of levels of this place that you have seen.
                   A       B       C       D       E      F
               +-------+-------+-------+-------+-------+----------------------
         Total | 100.0 | 100.0 | 100.0 |   N/A | 100.0 | 1024.4
       Dungeon | 100.0 | 100.0 | 100.0 |   N/A | 100.0 | 1024.4
               +-------+-------+-------+-------+-------+----------------------

Table legend: (Time is in decaauts)
 A = Elapsed time spent in this place.
 B = Non-inter-level travel time spent in this place.
 C = Inter-level travel time spent in this place.
 D = Time resting spent in this place.
 E = Time spent auto-exploring this place.
 F = Levels seen in this place.
 G = Mean time per level.
                   A        B        C        D        E       F      G
               +--------+--------+--------+--------+--------+-----+--------+
         Total |   7260 |   6846 |    414 |    282 |   5021 |   8 |  907.5 |
       Dungeon |   7260 |   6846 |    414 |    282 |   5021 |   8 |  907.5 |
               +--------+--------+--------+--------+--------+-----+--------+

Top non-repeatable levels by time:
     D:6: 1794 daAuts
     D:3: 1319 daAuts
     D:7: 1003 daAuts
     D:5: 949 daAuts
     D:2: 936 daAuts
     D:4: 665 daAuts
     D:1: 368 daAuts
     D:8: 224 daAuts
